3A
IDAHO FALLS CHUKARS @ GRAND FORKS CATERPILLARS
08/10/2025
 
TOP OF THE 1ST
Idaho Falls Chukars batting - Pitching for Grand Forks Caterpillars : RHP Jim Unknown
Pitching: RHP Jim Unknown
Batting: RHB Fernando Granados 0-0: Swinging Strike
0-1: Ball
1-1: Swinging Strike
1-2: Ball
2-2: Foul Ball, location: 2F
2-2: SINGLE (Line Drive, 9LM)
Batting: RHB Michael Bradshaw 0-0: Ball
1-0: Foul Ball, location: 2F
1-1: SINGLE (Groundball, 34D)
Fernando Granados to second
Runner from 2nd tries for 3rd, SAFE, no throw
Batting: SHB Pablo Coloa 0-0: Ball
1-0: Ball
2-0: Fly out, F9 (Line Drive, 9)
Runner from 3rd tags up, SCORES, no throw
Batting: RHB Scott Ramsey 0-0: Ball
1-0: SINGLE (Line Drive, 56)
Michael Bradshaw to second
Batting: LHB Frank Sharp 0-0: Ball
1-0: Foul Ball, location: 2F
1-1: Called Strike
1-2: Foul Ball, location: 2F
1-2: Foul Ball, location: 2F
1-2: Fly out, F2 (Popup, 13S)
Batting: SHB Félix Medina 0-0: Swinging Strike
0-1: Called Strike
0-2: Foul Ball, location: 2F
0-2: Strikes out swinging
Top of the 1st over - 1 run(s), 3 hit(s), 0 error(s), 2 left on base; Idaho Falls 1 - Grand Forks 0
BOTTOM OF THE 1ST
Grand Forks Caterpillars batting - Pitching for Idaho Falls Chukars : RHP Juan Ordóñez
Pitching: RHP Juan Ordóñez
Batting: RHB Arnold Meurs 0-0: Ground out 5-3 (Groundball, 56)
Batting: RHB Ab van der Kamp 0-0: Ball
1-0: Ground out 6-3 (Groundball, 6)
Batting: RHB José Pérez 0-0: Ball
1-0: Ball
2-0: Fly out, F6 (Popup, 56D)
Bottom of the 1st over - 0 run(s), 0 hit(s), 0 error(s), 0 left on base; Idaho Falls 1 - Grand Forks 0
TOP OF THE 2ND
Idaho Falls Chukars batting - Pitching for Grand Forks Caterpillars : RHP Jim Unknown
Batting: RHB Dam Son 0-0: Swinging Strike
0-1: Ball
1-1: Ball
2-1: Ball
3-1: Foul Ball, location: 2F
3-2: Strikes out looking
Batting: RHB Leon Carlisle 0-0: Ball
1-0: Foul Ball, location: 2F
1-1: Swinging Strike
1-2: Ground out 1-3 (Groundball, 13S)
Batting: RHB Paul Stoudt 0-0: Called Strike
0-1: Swinging Strike
0-2: Ball
1-2: Reached on error, E6 (Groundball, 6)
Batting: RHB Fernando Granados 0-0: Fly out, F7 (Flyball, 7LS)
Top of the 2nd over - 0 run(s), 0 hit(s), 1 error(s), 1 left on base; Idaho Falls 1 - Grand Forks 0
BOTTOM OF THE 2ND
Grand Forks Caterpillars batting - Pitching for Idaho Falls Chukars : RHP Juan Ordóñez
Batting: LHB Víctor Fortis 0-0: Foul Ball, location: 2F
0-1: Ball
1-1: Foul Ball, location: 2F
1-2: Strikes out swinging
Batting: RHB Carlos Romero 0-0: Called Strike
0-1: Ball
1-1: Ball
2-1: Swinging Strike
2-2: Strikes out swinging
Batting: RHB José Machado 0-0: Ball
1-0: Called Strike
1-1: Ball
2-1: Foul Ball, location: 2F
2-2: Ball
3-2: Strikes out swinging
Bottom of the 2nd over - 0 run(s), 0 hit(s), 0 error(s), 0 left on base; Idaho Falls 1 - Grand Forks 0
TOP OF THE 3RD
Idaho Falls Chukars batting - Pitching for Grand Forks Caterpillars : RHP Jim Unknown
Batting: RHB Michael Bradshaw 0-0: Ball
1-0: Called Strike
1-1: Called Strike
1-2: Foul Ball, location: 2F
1-2: Ball
2-2: Ball
3-2: Foul Ball, location: 2F
3-2: Base on Balls
Batting: SHB Pablo Coloa 0-0: Called Strike
0-1: Ball
1-1: Ball
2-1: Fielders Choice at 2nd, 1-6 (Groundball, P)
Batting: RHB Scott Ramsey 0-0: Ball
1-0: Called Strike
Pablo Coloa is caught stealing 2nd base
1-1: Fly out, F8 (Flyball, 78M)
Top of the 3rd over - 0 run(s), 0 hit(s), 0 error(s), 0 left on base; Idaho Falls 1 - Grand Forks 0
BOTTOM OF THE 3RD
Grand Forks Caterpillars batting - Pitching for Idaho Falls Chukars : RHP Juan Ordóñez
Batting: LHB Santiago Reyes 0-0: Ball
1-0: SINGLE (Line Drive, 9LS)
Batting: RHB Jorge Noutel 0-0: Foul Ball, location: 2F
0-1: Ball
1-1: Called Strike
1-2: Fly out, F7 (Flyball, 78M)
Batting: LHB Michael Woodard 0-0: Called Strike
0-1: Swinging Strike
0-2: Strikes out swinging
Batting: RHB Arnold Meurs 0-0: Fly out, F8 (Flyball, 8RM)
Bottom of the 3rd over - 0 run(s), 1 hit(s), 0 error(s), 1 left on base; Idaho Falls 1 - Grand Forks 0
TOP OF THE 4TH
Idaho Falls Chukars batting - Pitching for Grand Forks Caterpillars : RHP Jim Unknown
Batting: LHB Frank Sharp 0-0: Ball
1-0: Ball
2-0: Called Strike
2-1: Swinging Strike
2-2: Foul Ball, location: 2F
2-2: Ball
3-2: DOUBLE (Flyball, 89D)
Batting: SHB Félix Medina 0-0: Foul Ball, location: 2F
0-1: Fly out, F9 (Flyball, 89M)
Batting: RHB Dam Son 0-0: Called Strike
0-1: Called Strike
0-2: Foul Ball, location: 2F
0-2: SINGLE (Groundball, 6) (infield hit)
Frank Sharp to third
Batting: RHB Leon Carlisle 0-0: Ball
1-0: Swinging Strike
1-1: Ball
2-1: Fly out, F8 (Flyball, 8LS)
Batting: RHB Paul Stoudt 0-0: Ball
1-0: Ball
2-0: Called Strike
2-1: Ball
3-1: TRIPLE (Flyball, 9LM)
Frank Sharp scores
Dam Son scores
Batting: RHB Fernando Granados 0-0: Swinging Strike
0-1: Ball
1-1: Ball
2-1: Called Strike
2-2: Ground out 6-3 (Groundball, 6MD)
Top of the 4th over - 2 run(s), 3 hit(s), 0 error(s), 1 left on base; Idaho Falls 3 - Grand Forks 0
BOTTOM OF THE 4TH
Grand Forks Caterpillars batting - Pitching for Idaho Falls Chukars : RHP Juan Ordóñez
Batting: RHB Ab van der Kamp 0-0: Ball
1-0: Ground out 5-3 (Groundball, 5)
Batting: RHB José Pérez 0-0: Ball
1-0: Ball
2-0: Foul Ball, location: 2F
2-1: Ball
3-1: Base on Balls
Batting: LHB Víctor Fortis 0-0: Called Strike
0-1: Foul Ball, location: 2F
0-2: Foul Ball, location: 2F
0-2: Strikes out looking
Batting: RHB Carlos Romero 0-0: Ball
1-0: Ball
2-0: Fielders Choice at 2nd, 6-4 (Groundball, 6)
Bottom of the 4th over - 0 run(s), 0 hit(s), 0 error(s), 0 left on base; Idaho Falls 3 - Grand Forks 0
TOP OF THE 5TH
Idaho Falls Chukars batting - Pitching for Grand Forks Caterpillars : RHP Jim Unknown
Batting: RHB Michael Bradshaw 0-0: Foul Ball, location: 2F
0-1: Ball
1-1: Fly out, F7 (Line Drive, 7S)
Batting: SHB Pablo Coloa 0-0: Swinging Strike
0-1: Hit by Pitch
Batting: RHB Scott Ramsey 0-0: Called Strike
Pablo Coloa steals 2nd base
0-1: Ball
1-1: Hit by Pitch
Batting: LHB Frank Sharp 0-0: Called Strike
0-1: Foul Ball, location: 2F
0-2: 3-RUN HOME RUN (Line Drive, 7D), Distance : 371 ft
Batting: SHB Félix Medina 0-0: Called Strike
0-1: Ball
1-1: Swinging Strike
1-2: Hit by Pitch
Batting: RHB Dam Son 0-0: Foul Ball, location: 2F
0-1: Foul Ball, location: 2F
0-2: Fly out, F8 (Flyball, 78M)
Batting: RHB Leon Carlisle 0-0: Ball
Félix Medina steals 2nd base
1-0: Foul Ball, location: 2F
1-1: Ball
2-1: Fly out, F7 (Flyball, 7S)
Top of the 5th over - 3 run(s), 1 hit(s), 0 error(s), 1 left on base; Idaho Falls 6 - Grand Forks 0
BOTTOM OF THE 5TH
Grand Forks Caterpillars batting - Pitching for Idaho Falls Chukars : RHP Juan Ordóñez
Batting: RHB José Machado 0-0: Foul Ball, location: 2F
0-1: Fly out, F6 (Popup, 6D)
Batting: LHB Santiago Reyes 0-0: Swinging Strike
0-1: Ball
1-1: Foul Ball, location: 2F
1-2: Ground out 4-3 (Groundball, 4S)
Batting: RHB Jorge Noutel 0-0: Ball
1-0: Ball
2-0: Ground out 5-3 (Groundball, 56)
Bottom of the 5th over - 0 run(s), 0 hit(s), 0 error(s), 0 left on base; Idaho Falls 6 - Grand Forks 0
TOP OF THE 6TH
Idaho Falls Chukars batting - Pitching for Grand Forks Caterpillars : RHP Jim Unknown
Pitching: RHP Juan Deliz
Batting: RHB Paul Stoudt 0-0: Called Strike
0-1: Ball
1-1: Called Strike
1-2: Strikes out swinging
Batting: RHB Fernando Granados 0-0: Ball
1-0: Ball
2-0: Called Strike
2-1: Foul Ball, location: 2F
2-2: Ground out U3 (Groundball, 3L)
Batting: RHB Michael Bradshaw 0-0: Called Strike
0-1: Ball
1-1: Foul Ball, location: 2F
1-2: Ball
2-2: SINGLE (Groundball, 6MD)
Batting: SHB Pablo Coloa 0-0: Ball
1-0: Ball
2-0: Foul Ball, location: 2F
2-1: Foul Ball, location: 2F
2-2: Ball
3-2: Strikes out swinging
Top of the 6th over - 0 run(s), 1 hit(s), 0 error(s), 1 left on base; Idaho Falls 6 - Grand Forks 0
BOTTOM OF THE 6TH
Grand Forks Caterpillars batting - Pitching for Idaho Falls Chukars : RHP Juan Ordóñez
Batting: LHB Michael Woodard 0-0: Ground out 4-3 (Groundball, 34D)
Batting: RHB Arnold Meurs 0-0: Ground out 6-3 (Groundball, 6)
Batting: RHB Ab van der Kamp 0-0: Ball
1-0: SINGLE (Groundball, 56D)
Batting: RHB José Pérez 0-0: Swinging Strike
0-1: Ball
1-1: Foul Ball, location: 2F
1-2: Strikes out swinging
Bottom of the 6th over - 0 run(s), 1 hit(s), 0 error(s), 1 left on base; Idaho Falls 6 - Grand Forks 0
TOP OF THE 7TH
Idaho Falls Chukars batting - Pitching for Grand Forks Caterpillars : RHP Juan Deliz
Batting: RHB Scott Ramsey 0-0: Ball
1-0: Called Strike
1-1: DOUBLE (Flyball, 7)
Batting: LHB Frank Sharp 0-0: Hit by Pitch
Batting: SHB Félix Medina 0-0: Called Strike
0-1: Swinging Strike
0-2: Foul Ball, location: 2F
0-2: Ball
1-2: Foul Ball, location: 2F
1-2: Strikes out swinging
Pitching: RHP Rafael Avelar
Batting: RHB Dam Son 0-0: Called Strike
0-1: Fly out, F7 (Flyball, 78M)
Batting: RHB Leon Carlisle 0-0: Ball
1-0: Foul Ball, location: 2F
1-1: Foul Ball, location: 2F
1-2: Ball
2-2: Ball
3-2: DOUBLE (Flyball, 7)
Scott Ramsey scores
Frank Sharp to third
Frank Sharp scores
Batting: RHB Paul Stoudt 0-0: Called Strike
0-1: Foul Ball, location: 2F
0-2: Ball
1-2: Strikes out looking
Top of the 7th over - 2 run(s), 2 hit(s), 0 error(s), 1 left on base; Idaho Falls 8 - Grand Forks 0
BOTTOM OF THE 7TH
Grand Forks Caterpillars batting - Pitching for Idaho Falls Chukars : RHP Juan Ordóñez
Batting: LHB Víctor Fortis 0-0: Called Strike
0-1: Called Strike
0-2: Ball
1-2: Ball
2-2: Ball
3-2: Ground out 5-3 (Groundball, 56S)
Batting: RHB Carlos Romero 0-0: Called Strike
0-1: Foul Ball, location: 2F
0-2: Strikes out swinging
Batting: RHB José Machado 0-0: Ball
1-0: Swinging Strike
1-1: Swinging Strike
1-2: Ball
2-2: Ground out 1-3 (Groundball, 13)
Bottom of the 7th over - 0 run(s), 0 hit(s), 0 error(s), 0 left on base; Idaho Falls 8 - Grand Forks 0
TOP OF THE 8TH
Idaho Falls Chukars batting - Pitching for Grand Forks Caterpillars : RHP Rafael Avelar
Batting: RHB Fernando Granados 0-0: Ball
1-0: Ball
2-0: DOUBLE (Flyball, 7D)
Batting: RHB Michael Bradshaw 0-0: Called Strike
0-1: Ball
1-1: Ball
2-1: Ball
3-1: Called Strike
3-2: Strikes out swinging
Batting: SHB Pablo Coloa 0-0: Called Strike
0-1: Ball
1-1: Ball
2-1: Ball
3-1: Called Strike
3-2: Strikes out swinging
Batting: RHB Scott Ramsey 0-0: Ball
1-0: Ball
2-0: Ball
3-0: Called Strike
3-1: Base on Balls
Batting: LHB Frank Sharp 0-0: Ball
1-0: Ball
2-0: Foul Ball, location: 2F
2-1: Foul Ball, location: 2F
2-2: Foul Ball, location: 2F
2-2: Foul Ball, location: 2F
2-2: Foul Ball, location: 2F
2-2: Ground out 1-3 (Groundball, 13)
Top of the 8th over - 0 run(s), 1 hit(s), 0 error(s), 2 left on base; Idaho Falls 8 - Grand Forks 0
BOTTOM OF THE 8TH
Grand Forks Caterpillars batting - Pitching for Idaho Falls Chukars : RHP Juan Ordóñez
Now at SS: Armando Peña
Batting: LHB Santiago Reyes 0-0: Called Strike
0-1: Swinging Strike
0-2: Ball
1-2: Foul Ball, location: 2F
1-2: Foul Ball, location: 2F
1-2: Foul Ball, location: 2F
1-2: Ball
2-2: Foul Ball, location: 2F
2-2: Fly out, F7 (Flyball, 7LM)
Batting: RHB Jorge Noutel 0-0: Called Strike
0-1: Ball
1-1: SINGLE (Line Drive, 56D)
Batting: LHB Michael Woodard 0-0: Fly out, F9 (Flyball, 89D)
Pinch Hitting: RHB Jim Unknown 0-0: Ball
1-0: Ball
2-0: DOUBLE (Flyball, 8RXD)
Jorge Noutel to third
Runner from 3rd tries for Home, throw and OUT!
Bottom of the 8th over - 0 run(s), 2 hit(s), 0 error(s), 1 left on base; Idaho Falls 8 - Grand Forks 0
TOP OF THE 9TH
Idaho Falls Chukars batting - Pitching for Grand Forks Caterpillars : RHP Rafael Avelar
Pitching: RHP Jim Unknown
Now in CF: Jim Unknown
Batting: SHB Félix Medina 0-0: Called Strike
0-1: SINGLE (Groundball, 34S) (infield hit)
Batting: RHB Dam Son 0-0: Fly out, F5 (Popup, 5L)
Batting: RHB Leon Carlisle 0-0: Ball
1-0: Foul Ball, location: 2F
1-1: Ball
2-1: Foul Ball, location: 2F
2-2: Foul Ball, location: 2F
2-2: Fly out, F8 (Flyball, 8LS)
Batting: RHB Paul Stoudt 0-0: Ball
1-0: Ball
2-0: Called Strike
2-1: Ball
3-1: Called Strike
3-2: Strikes out swinging
Top of the 9th over - 0 run(s), 1 hit(s), 0 error(s), 1 left on base; Idaho Falls 8 - Grand Forks 0
BOTTOM OF THE 9TH
Grand Forks Caterpillars batting - Pitching for Idaho Falls Chukars : RHP Juan Ordóñez
Pitching: LHP Jim Unknown
Now at C: Erwin Chapman
Now in RF: Jesús López
Batting: RHB Ab van der Kamp 0-0: Ground out 5-3 (Groundball, 5)
Batting: RHB José Pérez 0-0: Ball
1-0: Ball
2-0: Foul Ball, location: 2F
2-1: Foul Ball, location: 2F
2-2: Foul Ball, location: 2F
2-2: Foul Ball, location: 2F
2-2: Foul Ball, location: 2F
2-2: Ball
3-2: Fly out, F9 (Flyball, 9S)
Batting: LHB Víctor Fortis 0-0: Ball
1-0: Ground out 4-3 (Groundball, 4M)
Bottom of the 9th over - 0 run(s), 0 hit(s), 0 error(s), 0 left on base; Idaho Falls 8 - Grand Forks 0
Friday, December 30th, 2016 - OOTP Baseball 17.12 Build 75